 Dungeon Crawl Stone Soup version 0.30-a0-596-g0af90f9a20 (webtiles) character file.

Game seed: 18171083837863442193

1 drugrobin the Sneak (level 1, -1/18 HPs)
             Began as a Demigod Delver on Jan 7, 2023.
             Slain by a hound (4 damage)
             ... on level 4 of the Dungeon.
             The game lasted 00:01:03 (91 turns).

drugrobin the Sneak (Demigod Delver)                  Turns: 91, Time: 00:01:04

Health: -1/18      AC:  3    Str: 11 (13) XL:     1   Next: 13%
Magic:  3/3        EV: 11    Int: 10 (12) God:
Gold:   12         SH:  0    Dex: 12 (15) Spells: 0/0 levels left

rFire   . . .      SeeInvis .      - Unarmed
rCold   . . .      Faith    .    (no shield)
rNeg    . . .      Spirit   .    a - +0 leather armour
rPois   .          Reflect  .    (no helmet)
rElec   .          Harm     .    (no cloak)
rCorr   .          Rampage  .    (no gloves)
Will    .....                    (no boots)
Stlth   ++                       (no amulet)
HPRegen 0.23/turn                (no ring)
MPRegen 0.08/turn                (no ring)

@: no status effects
A: high MP 1, forlorn, divine attributes
a: no special abilities


You were on level 4 of the Dungeon.
You visited 1 branch of the dungeon, and saw 2 of its levels.

You collected 12 gold pieces.

Inventory:

Armour
 a - a +0 leather armour (worn)
Wands
 f - a wand of digging (2)
Scrolls
 b - a scroll of fog


   Skills:
 - Level 2.6 Fighting
 - Level 1.7 Dodging
 - Level 4.5 Stealth
 + Level 1.9 Unarmed Combat


You couldn't memorise any spells.
You didn't know any spells.
Your spell library was empty.

Dungeon Overview and Level Annotations

Branches:
Dungeon (5/15)
 Temple: D:4-7


Innate Abilities, Weirdness & Mutations

You have an increased reservoir of magic. (+10% MP)
You shall have no god before yourself.
Your divine heritage dramatically boosts your attributes as you level up.


Message History

Okay, then.
It was a potion of degeneration.
There was something very wrong with that liquid.
You feel weakened.
You feel dopey.
You feel clumsy.
Unknown command.
Unknown command.
Unknown command.
Unknown command.
You completely miss the hobgoblin. The hobgoblin misses you.
The gnoll closely misses you.
You hit the hobgoblin but do no damage. The hobgoblin misses you.
The gnoll barely misses you.
You barely miss the hobgoblin.
The hound seems to regain its courage.
The hobgoblin hits you.
* * * LOW HITPOINT WARNING * * *
The gnoll misses you.
The endoplasm quivers.
You hit the hobgoblin.
The hobgoblin is almost dead.
The hobgoblin closely misses you. The gnoll barely misses you.
You hit the hobgoblin.
You kill the hobgoblin!
The gnoll hits you with a +0 flail.
* * * LOW HITPOINT WARNING * * *
Unknown command.
You see here a hobgoblin corpse.
Unknown command.
Unknown command.
Okay, then.
You aren't carrying any potions.
Unknown command.
Aiming: Dig
Press: ? - help, Shift-Dir - straight line A rock wall.
The rock shatters into small pieces.
The gnoll closely misses you.
Unknown command.
Unknown command.
Unknown command.
The hound bites you.
You die...

#.#####..#
#.#####..#
#####.##.K...#
.#J####........##.##
...g..g...h.......#
#g####.##.##..####
#h##.....#
#.#####†##
+.#.#####g@#
#....Jg.hh#.#
############.# #.#
#.# #.# #.# ##


You could see 2 hounds, 2 gnolls and an endoplasm.

Vanquished Creatures
  A hobgoblin (D:4)
1 creature vanquished.

Notes
Turn   | Place    | Note
-------+----------+-------------------------------------------
     0 | D:5      | drugrobin the Demigod Delver began the quest for the Orb.
     0 | D:5      | Reached XP level 1. HP: 18/18 MP: 3/3
    14 | D:5      | Noticed a hound
    46 | D:5      | Noticed a hound
    91 | D:4      | Slain by a hound

Illustrated notes

Levels and vault maps discovered:
D:4:      minmay_spotlight, layout_loops_cross, kennysheep_mini, st_stairs_1,
          uniq_robin
D:5:      layout_rooms

Action                   || total
-------------------------++-------
Melee: Unarmed           ||     5
Evoke: Wand              ||     1
  Use: Scroll            ||     2
       Potion            ||     2
Armor: Leather armour    ||     2
Dodge: Dodged            ||    15

Table legend: (Time is in decaauts)
 A = Elapsed time spent in this place.
 B = Non-inter-level travel time spent in this place.
 C = Inter-level travel time spent in this place.
 D = Time resting spent in this place.
 E = Time spent auto-exploring this place.
 F = Levels seen in this place.
 G = Mean time per level.
                   A        B        C        D        E       F      G
               +--------+--------+--------+--------+--------+-----+--------+
         Total |     72 |     72 |      0 |      0 |      6 |   2 |   36.0 |
       Dungeon |     72 |     72 |      0 |      0 |      6 |   2 |   36.0 |
               +--------+--------+--------+--------+--------+-----+--------+

Top non-repeatable levels by time:
     D:5: 41 daAuts
     D:4: 31 daAuts
